 Dungeon Crawl Stone Soup version 0.14-a0-1761-gdbd231b (webtiles) character file.

610 HollowCharge the Skirmisher (level 6, 0/56 HPs)
             Began as a Draconian Warper on Jan 5, 2014.
             Succumbed to a gnoll's poison
             ... on Level 3 of the Dungeon.
             The game lasted 00:18:12 (5196 turns).

HollowCharge the Skirmisher (Draconian Warper)      Turns: 5196, Time: 00:18:12

HP   0/56        AC  6     Str 13      XL: 6   Next: 62%
MP   6/10        EV 13     Int 10 (13) God:
Gold 191         SH  0     Dex 13      Spells:  3 memorised,  3 levels left

rFire  . . .     SeeInvis .     a - +1,+0 falchion
rCold  . . .     Clarity  .     (armour unavailable)
rNeg   . . .     Conserve .     (no shield)
rPois  .         rCorr    .     (helmet restricted)
rElec  .         rRot     .     (no cloak)
SustAb . .       Spirit   .     (no gloves)
rMut   .         Warding  .     (no boots)
Saprov . . .     Stasis   .     (no amulet)
                                (no ring)
                                (no ring)

@: quite poisoned, slightly resistant to hostile enchantments, unstealthy
A: unfitting armour, AC +6
a: no special abilities


You were on level 3 of the Dungeon.
You were near starving.

You visited 1 branch of the dungeon, and saw 4 of its levels.

You collected 191 gold pieces.

Inventory:

Hand weapons
 a - a +1,+0 falchion (weapon)
Missiles
 e - 15 darts (quivered)
 f - 10 darts of dispersal
Magical devices
 j - a wand of slowing (0)
Comestibles
 g - 2 bread rations
 h - 2 meat rations
Scrolls
 b - a scroll of blinking
 i - a scroll of remove curse
 k - a scroll of enchant weapon I
Potions
 m - a potion of restore abilities {unknown}
 p - a potion of degeneration
Books
 c - a book of Spatial Translocations

   Spells                             Type                      Level
   Apportation                        Translocation                1
   *Portal Projectile                 Translocation                2
   *Blink                             Translocation                2
   *Shroud of Golubria                Charms/Translocation         2
   Teleport Other                     Translocation                3
   Passage of Golubria                Translocation                4


   Skills:
 * Level 5.2 Fighting
 * Level 4.7 Long Blades
 - Level 0.8 Throwing
 + Level 3.4 Dodging
 - Level 2.0 Spellcasting
 - Level 3.0 Translocations


You had 3 spell levels left.
You knew the following spells:

 Your Spells              Type           Power        Failure   Level  Hunger
a - Shroud of Golubria    Chrm/Tloc      #.........   24%         2    ###....
b - Blink                 Tloc           N/A          14%         2    ###....
c - Portal Projectile     Tloc           #.....       14%         2    ###....


Dungeon Overview and Level Annotations

Branches:
Dungeon (4/16)
 Temple: D:4-7

Altars:

Annotations:
D:3 Nicoed's ghost, average HuFi


Message History

You feel sick.
* * * LOW HITPOINT WARNING * * *
You feel very sick.
* * * LOW HITPOINT WARNING * * *
You feel very sick.
* * * LOW HITPOINT WARNING * * *
You feel sick.
There was something very wrong with that liquid!
You feel dopey.
It was a potion of degeneration.
* * * LOW HITPOINT WARNING * * *
You feel very sick.
Casting: Blink
Confirm with . or Enter, or press ? or * to list all spells.
You blink.
* * * LOW HITPOINT WARNING * * *
You feel very sick.
You feel a little better.
It has a very clean taste.
It was a potion of cure mutation.
You die...

...#>##.#...# #......)..((.#
..)#.##.#...###.....########
....g.).)...........#
........)...###.....#
####.##.#...# #.....#
......g.#...####..###############
.........g§......................
≈≈≈≈≈≈≈≈≈≈≈≈≈≈≈....≈≈)≈≈≈≈≈≈≈≈≈≈≈
≈≈≈≈≈≈≈≈≈≈≈≈≈≈≈.@..≈≈≈≈≈≈≈≈≈≈≈≈≈≈
###≈≈≈≈≈≈≈≈≈≈≈≈....≈≈≈≈≈≈≈≈≈≈≈≈##
..#............................#g
..#############'')'#############.
#'#...........#....#...... #'
#.'.......g...'....'..... '.
#.#...........#....#..... .
#)####################### #g.


You could see a gnoll.

Vanquished Creatures
  An ogre (D:3)
  2 orc priests (D:3)
  Ijyb (D:3)
  14 gnolls
  4 adders
  2 worms (D:3)
  2 giant geckos
  6 orcs
  8 bats
  6 giant cockroaches
  3 hobgoblins
  7 jackals
  5 kobolds
  A quokka (D:3)
  4 giant newts
  7 goblins
  10 rats
  A plant (D:2)
84 creatures vanquished.

Notes
Turn   | Place    | Note
--------------------------------------------------------------
     0 | D:1      | HollowCharge, the Draconian Warper, began the quest for the Orb.
     0 | D:1      | Reached XP level 1. HP: 17/17 MP: 3/3
   353 | D:1      | Reached XP level 2. HP: 23/25 MP: 4/4
  1046 | D:2      | Learned a level 2 spell: Blink
  1073 | D:2      | Reached XP level 3. HP: 28/31 MP: 6/6
  1496 | D:3      | Noticed an ogre
  1498 | D:3      | Noticed Ijyb
  1590 | D:3      | Killed Ijyb
  1590 | D:3      | Reached XP level 4. HP: 25/38 MP: 7/7
  2286 | D:3      | Learned a level 2 spell: Shroud of Golubria
  2289 | D:3      | Learned a level 2 spell: Portal Projectile
  2369 | D:3      | Killed an ogre
  2369 | D:3      | Reached skill level 4 in Fighting
  2369 | D:3      | Reached XP level 5. HP: 3/47 MP: 9/9
  2946 | D:3      | Noticed Nicoed's ghost (average HuFi)
  3492 | D:3      | Reached XP level 6. HP: 12/53 MP: 10/10
  4213 | D:3      | Reached skill level 5 in Fighting
  5195 | D:3      | HP: 1/56 [poisoned by a gnoll]
  5196 | D:3      | Succumbed to a gnoll's poison

Action                   |  1- 3 |  4- 6 || total
-------------------------+-------+-------++-------
Melee: Falchion          |   169 |   287 ||   456
 Cast: Blink             |       |     4 ||     4
       Shroud of Golubri |       |     1 ||     1
Evoke: Wand              |       |     1 ||     1
  Use: Scroll            |     8 |     5 ||    13
       Potion            |       |     2 ||     2
 Stab: Sleeping          |       |     1 ||     1
